 Dungeon Crawl Stone Soup version 0.27.1-33-g824d729ab1 (webtiles) character file.

Game seed: 11057984571573622104

81 MortyMaxwell the Charlatan (level 4, 0/32 HPs)
             Began as a Human Artificer on Nov 25, 2021.
             Slain by an orc (4 damage)
             ... on level 1 of the Dungeon.
             The game lasted 00:16:04 (1376 turns).

MortyMaxwell the Charlatan (Human Artificer)        Turns: 1376, Time: 00:16:05

Health: 0/32       AC:  1    Str: 12    XL:     4   Next: 68%
Magic:  6/6        EV: 11    Int: 12    God:
Gold:   76         SH:  0    Dex: 12    Spells: 4/5 levels left

rFire    . . .     SeeInvis .   a - +0 club
rCold    . . .     Faith    +   (no shield)
rNeg     . . .     Spirit   .   b - +0 leather armour
rPois    .         Reflect  .   (no helmet)
rElec    .         Harm     .   (no cloak)
rCorr    .         Rampage  .   (no gloves)
Will     .....                  (no boots)
Stlth    +.........             k - amulet of faith
HPRegen  0.10/turn              (no ring)
MPRegen  0.10/turn              (no ring)

@: no status effects
A: hooves 1, clumsy 1, deformed body, noise suppression
a: no special abilities


You were on level 1 of the Dungeon.
You visited 1 branch of the dungeon, and saw 2 of its levels.

You collected 76 gold pieces.

Inventory:

Hand Weapons
 a - a +0 club (weapon)
Armour
 b - a +0 leather armour (worn)
 i - a +0 scale mail
Jewellery
 k - an amulet of faith (around neck)
Wands
 d - a wand of charming (11)
Scrolls
 c - a scroll of magic mapping
 j - a scroll of holy word {unknown}
Miscellaneous
 e - a piece from Xom's chessboard (7/15) (quivered)


   Skills:
 + Level 1.1 Fighting
 + Level 0.5 Maces & Flails
 + Level 2.8 Armour
 + Level 1.2 Dodging
 + Level 1.1 Stealth
 * Level 1.3 Spellcasting
 + Level 3.8 Evocations


You had 4 spell levels left.
You knew the following spells:

 Your Spells              Type           Power      Damage    Failure   Level
a - Summon Small Mammal   Summ           0%         N/A       36%         1

Your spell library contained the following spells:

 Spells                   Type           Power      Damage    Failure   Level
 Call Canine Familiar     Summ           0%         N/A       73%         3
 Summon Guardian Golem    Hex/Summ       0%         N/A       73%         3
 Summon Forest            Summ/Tloc      0%         N/A       100%        5
 Eringya's Noxious Bog    Tmut/Pois      0%         N/A       100%        6
 Summon Hydra             Summ           0%         N/A       100%        7


Dungeon Overview and Level Annotations

Branches:
Dungeon (2/15)

Altars:


Innate Abilities, Weirdness & Mutations

You have large cloven feet.
You are clumsy. (Dex -2)
Armour fits poorly on your strangely shaped body.
You passively dampen the noise of your surroundings.


Message History

You kill the bat!
You hit the giant cockroach.
You kill the giant cockroach!
You see here a bat corpse.
You start resting.
An orc is nearby!
Non-targeted evoke: piece from Xom's chessboard (8/15)
Press: ? - help, Q - select action, (/) - cycle Dir - look around, f - activate Look: an orc, wielding a +0 whip (wandering, hasn't noticed you)
You make a move on Xom's chessboard...
The orc shouts!
The orc flickers and vanishes!
Deactivating autopickup; reactivate with Ctrl-A.
As you read the scroll labelled FAZEAMICK, it crumbles to dust.
It is a scroll of identify.
g - a scroll of blinking Something hits you.
You miss something. Your kick misses something. Something hits you.
Something completely misses you.
You hit something. Something hits you.
You barely miss something. You kick something. Something hits you.
* * * LOW HITPOINT WARNING * * *
Blink to where?
Press: ? - help, Dir - move target
Found a stone staircase leading up.
As you read the scroll of blinking, it crumbles to dust.
You see here 9 gold pieces.
You now have 76 gold pieces (gained 9).
As you read the scroll of identify, it crumbles to dust.
c - a scroll of magic mapping Something hits you.
* * * LOW HITPOINT WARNING * * *
There is a stone staircase leading up here.
Something hits you.
* * * LOW HITPOINT WARNING * * *
You climb upwards.
Reactivating autopickup.
There is a stone staircase leading down here.
Something hits you.
You die...

#......##.##......#'####
#.# #.
#...............#'#....#
#.# #.
#.....#...##..###.'...<#
#.# #.
##....#..####.###########
#.###.
#............#.###.###.#
#...#.
#.####..##.#.#.........#
###.#. #.#
#.....#...###.###.# #.#.
#.# #..##.###.###.# #.#
#.#. #.#
#..##.##.@.##.###.# #.#.
#.# #........#........#
#.#. #.#
#..##.##...##.##### #.#.
#.# #....#........# #.#.
#.####.###.##..>####
######.#.
#..........###.##
###......#. ######.#####
#.# ##.#.######.
#.#######.#####.#..#######
#..............###........


There were no monsters in sight!

Vanquished Creatures
  An adder (D:2)
  2 dart slugs
  8 bats
  2 endoplasms (D:2)
  4 giant cockroaches
  3 goblins (D:2)
  A hobgoblin (D:1)
  5 jackals (D:1)
  4 kobolds (D:1)
  4 ball pythons
34 creatures vanquished.

Vanquished Creatures (collateral kills)
  A hound (D:2)
  A dart slug (D:1)
  A hobgoblin (D:2)
  A frilled lizard (D:2)
  A goblin (D:2)
  A rat (D:2)
6 creatures vanquished.

Vanquished Creatures (others)
  A plant (D:2)
1 creature vanquished.

Grand Total: 41 creatures vanquished

Notes
Turn   | Place    | Note
-------+----------+-------------------------------------------
     0 | D:1      | MortyMaxwell the Human Artificer began the quest for the
                  | Orb.
     0 | D:1      | Reached XP level 1. HP: 15/15 MP: 1/1
   158 | D:1      | Reached XP level 2. HP: 21/21 MP: 2/2
   623 | D:1      | Reached XP level 3. HP: 26/26 MP: 3/3
  1052 | D:2      | Reached XP level 4. HP: 26/32 MP: 3/5
  1057 | D:2      | Reached skill level 1 in Spellcasting
  1097 | D:2      | Learned a level 1 spell: Summon Small Mammal
  1203 | D:2      | Gained mutation: You are clumsy. (Dex -2) [potion of
                  | mutation]
  1203 | D:2      | Gained mutation: You passively dampen the noise of your
                  | surroundings. [potion of mutation]
  1203 | D:2      | Gained mutation: Armour fits poorly on your strangely
                  | shaped body. [potion of mutation]
  1203 | D:2      | Gained mutation: You have large cloven feet. [potion of
                  | mutation]
  1376 | D:1      | Slain by an orc

Illustrated notes

Levels and vault maps discovered:
D:1:      dpeg_arrival_short_road, layout_loops_ring, minivault_11
D:2:      layout_basic, serial_bayou_pond_b

Skill      XL: |  1  2  3  4 |
---------------+-------------+-----
Spellcasting   | 1 |  1.3
Fighting       | |  1.1
Maces & Flails | |  0.5
Armour         | |  2.8
Dodging        | |  1.2
Stealth        | |  1.1
Evocations     | |  3.8

Action                   |  1- 3 |  4- 6 || total
-------------------------+-------+-------++-------
Melee: Club              |    49 |    48 ||    97
       Kick              |       |     5 ||     5
Evoke: Wand              |    17 |     2 ||    19
       Piece from Xom's  |     9 |     2 ||    11
  Use: Potion            |       |     4 ||     4
       Scroll            |       |     3 ||     3
 Stab: Confused          |     1 |       ||     1
       Petrified         |       |     1 ||     1
Armor: Leather armour    |     1 |     8 ||     9
       Scale mail        |    46 |    18 ||    64
Dodge: Dodged            |    38 |    30 ||    68
